[Event "48th Indian U15-ch Girls 2023"]
[Site "Jalgaon"]
[Date "2024.01.04"]
[Round "11.3"]
[White "Shubhi Gupta"]
[Black "Akshaya Sathi"]
[Result "1-0"]
[ECO "E61"]
[WhiteElo "1902"]
[BlackElo "1542"]
[Annotator "RC"]
[PlyCount "61"]
[EventDate "2023.12.30"]
[EventType "swiss"]
[EventCountry "IND"]
[SourceTitle "playchess.com"]
[Source "ChessBase"]
[SourceQuality "1"]
[TimeControl "5400+30"]

1. d4 Nf6 2. Nf3 g6 3. c4 Bg7 4. Nc3 O-O 5. Bg5 d6 6. e3 c5 7. d5 h6 8. Bh4 a6 9. a4 Qb6 10. Qd2 e6 11. a5 Qc7 12. Bd3 exd5 13. Bxf6 Bxf6 14. Nxd5 Qd8 15. O-O Be6 16. Nb6 Ra7 17. Be4 Be7 18. Bd5 Nd7 19. Qc2 Kg7 20. Qb3 Qc7 21. Rfd1 Bd8 22. Bxe6 fxe6 23. Rxd6 Qxd6 24. Rd1 Qc6 25. Rxd7+ Kg8 26. Qd3 e5 27. Rxd8 e4 28. Rxf8+ Kxf8 29. Qd8+ Kg7 30. Qe7+ Kg8 31. Ne5 1-0

[Event "48th Indian U15-ch Girls 2023"]
[Site "Jalgaon"]
[Date "2024.01.04"]
[Round "11.4"]
[White "Nivedita V C"]
[Black "Bhat Sannidhi Ramakrishna"]
[Result "0-1"]
[ECO "B00"]
[WhiteElo "1638"]
[BlackElo "1637"]
[Annotator "NA RC"]
[PlyCount "134"]
[EventDate "2023.12.30"]
[EventType "swiss"]
[EventCountry "IND"]
[SourceTitle "playchess.com"]
[Source "ChessBase"]
[SourceQuality "1"]
[TimeControl "5400+30"]

1. d4 Nc6 2. d5 Nb8 3. e4 d6 4. Nc3 Nf6 5. h3 g6 6. Be3 Bg7 7. Qd2 c6 8. O-O-O b5 9. dxc6 b4 10. Bb5 Qa5 11. Nd5 Nxd5 12. Qxd5 O-O 13. Bc4 Qc7 14. Qd2 Nxc6 15. Bh6 Bxh6 16. Qxh6 Ne5 17. Bd5 Bb7 18. Bxb7 Qxb7 19. f4 Nc4 20. Nf3 f6 21. Rd4 Rac8 22. f5 e5 23. fxe6 Qa6 24. Kb1 Qb5 25. Nd2 Ne5 26. Nb3 a5 27. Qd2 Nc4 28. Qd3 Qc6 29. Rd5 Qa8 30. Nd2 Ne5 31. Qb5 Rc6 32. Nb3 Rb8 33. Qf1 a4 34. Ra5 axb3 35. Rxa8 bxc2+ 36. Kc1 Rxa8 37. Qb5 Rxa2 38. Qb8+ Kg7 39. e7 Nd7 40. Qb7 Ra1+ 41. Kd2 Rxh1 42. Qxc6 Kf7 43. Kxc2 Kxe7 44. Kb3 Rb1 45. Kc2 Rf1 46. Kb3 Rb1 47. Ka2 Re1 48. Qb7 Re2 49. Qxb4 Rxg2 50. Qb7 Rh2 51. Qb3 Re2 52. Qg8 Rxe4 53. Qxh7+ Ke6 54. Qxg6 Ra4+ 55. Kb1 Nc5 56. Qe8+ Kf5 57. Qh5+ Ke4 58. b3 Rd4 59. Kc2 f5 60. h4 f4 61. Qh7+ Ke3 62. Qe7+ Ne4 63. Qg7 f3 64. h5 f2 65. Qh6+ Ke2 66. Qg7 Rd2+ 67. Kc1 f1=Q# 0-1

[Event "48th Indian U15-ch Girls 2023"]
[Site "Jalgaon"]
[Date "2024.01.04"]
[Round "11.5"]
[White "Hanya Shah"]
[Black "Aamuktha Guntaka"]
[Result "0-1"]
[ECO "A28"]
[WhiteElo "1429"]
[BlackElo "1532"]
[Annotator "NA RC"]
[PlyCount "98"]
[EventDate "2023.12.30"]
[EventType "swiss"]
[EventCountry "IND"]
[SourceTitle "playchess.com"]
[Source "ChessBase"]
[SourceQuality "1"]
[TimeControl "5400+30"]

1. c4 e5 2. Nc3 Nf6 3. Nf3 Nc6 4. d3 d5 5. cxd5 Nxd5 6. e4 Nb6 7. Be2 Be7 8. Be3 Be6 9. O-O O-O 10. Qd2 Qd7 11. Rad1 Rad8 12. Qc1 Qc8 13. Rd2 Rd7 14. Rfd1 Rfd8 15. h3 f6 16. d4 exd4 17. Bxd4 Nc4 18. Bxc4 Bxc4 19. b3 Nxd4 20. Nxd4 Bf7 21. Nf5 Bf8 22. Nd5 Rxd5 23. Nh6+ gxh6 24. exd5 Qd7 25. Qc3 Qd6 26. Qe3 a6 27. a4 Re8 28. Qd4 Re5 29. Qc4 c6 30. Qg4+ Rg5 31. Qd4 Bxd5 32. f4 Rg7 33. Kh1 Qe6 34. Kh2 Bd6 35. Rf1 Bc7 36. Rff2 Qe4 37. Qxe4 Bxe4 38. g3 f5 39. b4 a5 40. bxa5 Bxa5 41. Rb2 Be1 42. Rfe2 Bxg3+ 43. Kg1 Bxf4+ 44. Kf2 Be5 45. Rbd2 Bc7 46. Rb2 Bb8 47. h4 Bg3+ 48. Kg1 Be5+ 49. Kf1 Bxb2 0-1

[Event "48th Indian U15-ch Girls 2023"]
[Site "Jalgaon"]
[Date "2024.01.04"]
[Round "11.6"]
[White "Yashvi Jain"]
[Black "Anupam M Sreekumar"]
[Result "1-0"]
[ECO "A48"]
[WhiteElo "1442"]
[BlackElo "1642"]
[Annotator "NA RC"]
[PlyCount "99"]
[EventDate "2023.12.30"]
[EventType "swiss"]
[EventCountry "IND"]
[SourceTitle "playchess.com"]
[Source "ChessBase"]
[SourceQuality "1"]
[TimeControl "5400+30"]

1. d4 Nf6 2. Nf3 g6 3. Bf4 Bg7 4. e3 d6 5. h3 O-O 6. Be2 b6 7. O-O Bb7 8. c3 Nbd7 9. Nbd2 Re8 10. Bc4 e5 11. dxe5 dxe5 12. Bh2 Qe7 13. Qb3 Nc5 14. Qc2 Nfe4 15. b4 Nxd2 16. Nxd2 Ne6 17. Rfd1 Rad8 18. Bb5 Rf8 19. Qa4 a6 20. Be2 Ng5 21. Rac1 f5 22. Bxa6 Ba8 23. Qb3+ Kh8 24. f3 Bh6 25. c4 c5 26. a3 Bg7 27. bxc5 Qxc5 28. Nf1 f4 29. Qb4 Qc7 30. c5 Rxd1 31. Rxd1 bxc5 32. Qb5 fxe3 33. Nxe3 Rd8 34. Rxd8+ Qxd8 35. Qxc5 e4 36. fxe4 Nxe4 37. Qb5 Qf8 38. Be5 h5 39. Bxg7+ Kxg7 40. Qb2+ Kh7 41. Bc4 Qc5 42. Qb3 Nd2 43. Bg8+ Kh6 44. Qd3 Ne4 45. Bc4 h4 46. Kh2 Nf2 47. Qd2 Qe5+ 48. Kg1 Nxh3+ 49. gxh3 Qg5+ 50. Ng4+ 1-0

[Event "48th Indian U15-ch Girls 2023"]
[Site "Jalgaon"]
[Date "2024.01.04"]
[Round "11.7"]
[White "Ananya Raman"]
[Black "Saparya Ghosh"]
[Result "0-1"]
[ECO "B33"]
[WhiteElo "1505"]
[BlackElo "1662"]
[Annotator "NA RC"]
[PlyCount "74"]
[EventDate "2023.12.30"]
[EventType "swiss"]
[EventCountry "IND"]
[SourceTitle "playchess.com"]
[Source "ChessBase"]
[SourceQuality "1"]
[TimeControl "5400+30"]

1. e4 c5 2. Nf3 Nc6 3. d4 cxd4 4. Nxd4 Nf6 5. Nc3 e5 6. Ndb5 d6 7. Nd5 Nxd5 8. exd5 Nb8 9. c4 Be7 10. Bd3 O-O 11. O-O f5 12. c5 a6 13. cxd6 Bxd6 14. Nxd6 Qxd6 15. Be2 Nd7 16. a4 b6 17. b3 Rd8 18. Ba3 Nc5 19. a5 Bb7 20. axb6 Qxb6 21. Bc4 Ne4 22. Bb2 Qd6 23. Ra5 Kh8 24. Qa1 Re8 25. f4 Qb6+ 26. Kh1 Nf2+ 27. Rxf2 Qxf2 28. Bxe5 Re7 29. Ra2 Qc5 30. d6 Rd7 31. Be6 Rc8 32. h4 Qe3 33. Bxg7+ Rxg7 34. Bxc8 Bxg2+ 35. Kh2 Qg3+ 36. Kg1 Bf3+ 37. Kf1 Qg1# 0-1

[Event "48th Indian U15-ch Girls 2023"]
[Site "Jalgaon"]
[Date "2024.01.04"]
[Round "11.8"]
[White "Asmita Avijit Ray"]
[Black "Drishtee Ghosh"]
[Result "1/2-1/2"]
[ECO "E05"]
[WhiteElo "1470"]
[BlackElo "1605"]
[Annotator "NA RC"]
[PlyCount "124"]
[EventDate "2023.12.30"]
[EventType "swiss"]
[EventCountry "IND"]
[SourceTitle "playchess.com"]
[Source "ChessBase"]
[SourceQuality "1"]
[TimeControl "5400+30"]

1. d4 Nf6 2. c4 e6 3. g3 d5 4. Bg2 Be7 5. Nf3 O-O 6. O-O dxc4 7. Qc2 a6 8. a4 Bd7 9. Rd1 Bc6 10. Nc3 Bb4 11. Bg5 Bxc3 12. bxc3 Nbd7 13. Ne5 Bxg2 14. Kxg2 h6 15. Bc1 b5 16. Ba3 c5 17. dxc5 Qc7 18. Nxd7 Nxd7 19. Qe4 Nxc5 20. Bxc5 Qxc5 21. axb5 Qxb5 22. Rdb1 Qc5 23. Rb4 Rfc8 24. Raa4 Qd5 25. Qxd5 exd5 26. Ra5 Rd8 27. Rb6 Kf8 28. e3 Ke7 29. Raxa6 Rxa6 30. Rxa6 Rb8 31. e4 Rb3 32. exd5 Rxc3 33. Rc6 Kd7 34. h3 Rc2 35. Kf3 Rc3+ 36. Ke4 Rc2 37. Kd4 Rd2+ 38. Ke3 Rc2 39. h4 c3 40. Kd3 Rxf2 41. Rxc3 Rf3+ 42. Kd4 Rxc3 43. Kxc3 Kd6 44. Kc4 h5 45. Kd4 f6 46. Ke4 g6 47. Kd4 Kd7 48. Kc5 g5 49. d6 gxh4 50. gxh4 f5 51. Kd5 f4 52. Ke4 f3 53. Kxf3 Kxd6 54. Kf4 Ke6 55. Kg5 Ke5 56. Kxh5 Kf5 57. Kh6 Kf6 58. h5 Kf7 59. Kh7 Kf8 60. h6 Kf7 61. Kh8 Kf8 62. h7 Kf7 1/2-1/2

[Event "48th Indian U15-ch Girls 2023"]
[Site "Jalgaon"]
[Date "2024.01.04"]
[Round "11.9"]
[White "Chaarvi Choudhury"]
[Black "Arshiya Das"]
[Result "1/2-1/2"]
[ECO "B06"]
[WhiteElo "1468"]
[BlackElo "1729"]
[Annotator "NA RC"]
[PlyCount "91"]
[EventDate "2023.12.30"]
[EventType "swiss"]
[EventCountry "IND"]
[SourceTitle "playchess.com"]
[Source "ChessBase"]
[SourceQuality "1"]
[TimeControl "5400+30"]

1. e4 g6 2. d4 Bg7 3. Nf3 d6 4. Nc3 a6 5. a4 b6 6. Be3 Bb7 7. Qd2 h6 8. h3 e6 9. Bd3 Nd7 10. O-O Ne7 11. Nh2 Nf8 12. Ng4 Ng8 13. f4 f5 14. Nh2 Nf6 15. exf5 gxf5 16. Qe2 Kd7 17. d5 Nxd5 18. Nxd5 Bxd5 19. Bxa6 Rg8 20. Bb5+ Kc8 21. Nf3 Bf6 22. c3 Ng6 23. Bc4 Bxc4 24. Qxc4 Kd7 25. Qb5+ Ke7 26. Nd4 Bxd4 27. Bxd4 Nh4 28. Rf2 c5 29. Be3 Qc7 30. Qe2 Qc6 31. Kh2 Qe8 32. g3 Ng6 33. Qf3 Ra7 34. b4 Nf8 35. a5 Nd7 36. Rfa2 Qa8 37. Qxa8 Rgxa8 38. a6 b5 39. Ra5 Rb8 40. Rb1 Rb6 41. bxc5 dxc5 42. Rbxb5 Raxa6 43. Rxa6 Rxb5 44. Rc6 Kf7 45. Rc7 Ke7 46. Rc6 1/2-1/2

[Event "48th Indian U15-ch Girls 2023"]
[Site "Jalgaon"]
[Date "2024.01.04"]
[Round "11.10"]
[White "Kirthika B"]
[Black "Prakash Vaishnavi"]
[Result "1-0"]
[ECO "C68"]
[WhiteElo "1605"]
[BlackElo "1421"]
[Annotator "NA RC"]
[PlyCount "65"]
[EventDate "2023.12.30"]
[EventType "swiss"]
[EventCountry "IND"]
[SourceTitle "playchess.com"]
[Source "ChessBase"]
[SourceQuality "1"]
[TimeControl "5400+30"]

1. e4 e5 2. Nf3 Nc6 3. Bb5 a6 4. Bxc6 dxc6 5. O-O Bg4 6. h3 Bxf3 7. Qxf3 Qf6 8. Qb3 O-O-O 9. Qe3 Kb8 10. d3 h6 11. Nc3 g5 12. Bd2 Ne7 13. Rfb1 Nc8 14. b4 Nd6 15. a4 b6 16. b5 cxb5 17. Nd5 Qe6 18. axb5 a5 19. Bxa5 Nb7 20. Bxb6 cxb6 21. Ra8+ Kxa8 22. Nc7+ Kb8 23. Nxe6 fxe6 24. Qxb6 Bc5 25. Qa6 Rhf8 26. b6 Bxf2+ 27. Kh2 Bxb6 28. Qxb6 Rf7 29. Qxd8+ Ka7 30. Ra1+ Na5 31. Rxa5+ Kb7 32. Rb5+ Kc6 33. Rb6+ 1-0